 Dungeon Crawl Stone Soup version 0.23.2-1-ga50397a (webtiles) character file.

Game seed: 204994946274337922

72 Borgoz the Slasher (level 4, -1/27 HPs)
             Began as a Gargoyle Gladiator on May 14, 2019.
             Killed by divine providence
             ... invoked by an orc priest
              (13 damage)
             ... on level 3 of the Dungeon.
             The game lasted 00:02:44 (2030 turns).

Borgoz the Slasher (Gargoyle Gladiator)             Turns: 2030, Time: 00:02:45

Health: -1/27      AC:  8    Str: 18    XL:     4   Next: 25%
Magic:  4/4        EV: 12    Int:  8    God:
Gold:   153        SH:  0    Dex: 12    Spells: 3/3 levels left

rFire    . . .     SeeInvis .   a - +0 long sword
rCold    . . .     Gourm    .   (no shield)
rNeg     + . .     Faith    .   b - +0 leather armour
rPois    ∞         Spirit   .   c - +0 helmet
rElec    +         Reflect  .   t - +0 cloak
rCorr    .         Harm     .   (no gloves)
MR       .....                  (no boots)
Stlth    +.........             (no amulet)
HPRegen  0.09/turn              (no ring)
MPRegen  0.09/turn              (no ring)

@: no status effects
A: negative energy resistance 1, electricity resistance, unbreathing,
petrification resistance, rot immunity, AC +3
a: no special abilities


You were on level 3 of the Dungeon.
You were not hungry.

You visited 1 branch of the dungeon, and saw 3 of its levels.

You collected 153 gold pieces.

Inventory:

Hand Weapons
 a - a +0 long sword (weapon)
Missiles
 d - 3 throwing nets (quivered)
Armour
 b - a +0 leather armour (worn)
 c - a +0 helmet (worn)
 t - a +0 cloak (worn)
Jewellery
 r - a cursed amulet of inaccuracy {unknown}
Scrolls
 g - a scroll of noise {unknown}
 k - 2 scrolls of remove curse
 l - 2 scrolls of identify {unknown}
 m - 2 scrolls of teleportation {unknown}
 q - a scroll of enchant armour {unknown}
Potions
 e - a potion of might {unknown}
 h - 2 potions of lignification {unknown}
 i - 2 potions of heal wounds {unknown}
 j - 2 potions of degeneration {unknown}
 n - a potion of agility {unknown}
 o - a potion of haste {unknown}
 s - a potion of ambrosia {unknown}
 u - 3 potions of curing
Comestibles
 f - 11 rations
 p - 5 chunks of flesh


   Skills:
 + Level 2.8 Fighting
 * Level 3.3 Long Blades
 - Level 1.7 Throwing
 + Level 1.4 Armour
 * Level 3.0 Dodging


You had 3 spell levels left.
You didn't know any spells.
Your spell library was empty.

Dungeon Overview and Level Annotations

Branches:
Dungeon (3/15)

Altars:
Dithmenos


Innate Abilities, Weirdness & Mutations

You are resistant to torment.
Your stone body is resilient. (AC +3)
You are immune to poison.
You resist negative energy. (rN+)
You are resistant to electric shocks. (rElec)
You can survive without breathing.
You are immune to petrification.
You are immune to rotting.


Message History

* * * LOW HITPOINT WARNING * * *
The quokka bites you.
* * * LOW HITPOINT WARNING * * *
The adder misses you.
You riposte.
You hit the adder but do no damage.
The adder is severely wounded.
The orc hits you but does no damage.
It was a potion of curing.
You feel better. The adder misses you.
The quokka bites you but does no damage.
The orc hits you but does no damage. The adder barely misses you.
You riposte.
You hit the adder but do no damage.
The adder is severely wounded.
You are too injured to fight recklessly!
You are too injured to fight recklessly!
You are too injured to fight recklessly!
You completely miss the adder.
The adder is severely wounded.
The adder bites you but does no damage.
The orc priest invokes the aid of Beogh against you.
Beogh smites you!
You die...

########.#
#........#
#.#.############
#.#..÷..........
#.#.####.####.#
#.#.# +.').#.# #.#.#
#.#..#.#
#.#.##+#.##'#.##'#.#
#.#........@Soooro..
#.#.##+#.##+#r##+#.#
#.#. #.# .# #.# #.#
.+ #.# #. .# #.# ..
#.######### ##
#...÷.....#
#########.#


You could see 2 orc priests, an adder, 2 orcs and 2 quokkas.

Vanquished Creatures
  An adder (D:2)
  2 worms (D:2)
  2 dart slugs
  2 leopard geckos
  5 giant cockroaches
  4 goblins
  5 hobgoblins
  2 jackals (D:1)
  4 kobolds
  2 quokkas
  A ball python (D:2)
  6 bats
  7 frilled lizards
  6 rats
49 creatures vanquished.

Notes
Turn   | Place    | Note
-------+----------+-------------------------------------------
     0 | D:1      | Borgoz the Gargoyle Gladiator began the quest for the Orb.
     0 | D:1      | Reached XP level 1. HP: 12/12 MP: 1/1
   105 | D:1      | Reached XP level 2. HP: 16/18 MP: 2/2
   598 | D:1      | Reached skill level 1 in Armour
   653 | D:1      | Reached XP level 3. HP: 22/22 MP: 3/3
  1116 | D:2      | Found a shadowy altar of Dithmenos.
  1451 | D:2      | Reached XP level 4. HP: 25/27 MP: 4/4
  2030 | D:3      | Killed from afar by an orc priest

Skill      XL: |  1  2  3 |
---------------+----------+-----
Long Blades    | 3 |  3.3
Armour         | 1 |  1.4
Dodging        | 3 |  3.0
Fighting       | |  2.8
Throwing       | |  1.7

Action                   |  1- 3 |  4- 6 || total
-------------------------+-------+-------++-------
Melee: Long sword        |   113 |    27 ||   140
  Use: Scroll            |       |     1 ||     1
       Potion            |       |     1 ||     1
  Eat: Chunk             |     2 |     2 ||     4
Armor: Leather armour    |    68 |    19 ||    87
Dodge: Dodged            |   115 |    22 ||   137
       Rpst.: Long sword |    36 |    10 ||    46
